 Dungeon Crawl Stone Soup version 0.28.0-43-g3370ac3207 (webtiles) character file.

Game seed: 11171091217945580597

2030 raph the Destroyer (level 9, -3/108 HPs)
             Began as a Black Draconian Conjurer on Mar 6, 2022.
             Slain by Joseph
             ... wielding a +0 quarterstaff
              (17 damage)
             ... on level 7 of the Dungeon.
             The game lasted 00:16:40 (10381 turns).

raph the Destroyer (Black Draconian Conjurer)      Turns: 10381, Time: 00:16:41

Health: -3/108     AC:  9    Str: 10    XL:     9   Next: 3%
Magic:  3/15       EV: 12    Int: 23    God:
Gold:   335        SH:  0    Dex:  9    Spells: 2/16 levels left

rFire   . . .      SeeInvis .   a - +1 rapier
rCold   . . .      Faith    .   (no shield)
rNeg    + . .      Spirit   .   (armour unavailable)
rPois   .          Reflect  .   (helmet restricted)
rElec   +          Harm     .   f - +0 cloak
rCorr   .          Rampage  .   i - +0 pair of gloves
Will    .....                   (no boots)
Stlth   ..........              (no amulet)
HPRegen 0.28/turn               j - ring of positive energy
MPRegen 0.14/turn               (no ring)

@: brilliant, berserking, lethally poisoned (-3 -> -6), very quick
A: breathe lightning, AC +7, unfitting armour, electricity resistance,
cold-blooded
a: Breathe Lightning


You were on level 7 of the Dungeon.
You visited 1 branch of the dungeon, and saw 7 of its levels.

You collected 335 gold pieces.

Inventory:

Hand Weapons
 a - a +1 rapier (weapon)
 e - a +0 short sword
Missiles
 c - 3 throwing nets
 d - 15 poisoned darts
Armour
 f - a +0 cloak (worn)
 i - a +0 pair of gloves (worn)
Jewellery
 b - a ring of fire
 j - a ring of positive energy (left hand)
Wands
 m - a wand of mindburst (24)
Scrolls
 g - 3 scrolls of identify
 h - a scroll of holy word
 n - a scroll of brand weapon {unknown}
 p - a scroll of teleportation
Potions
 l - a potion of attraction


   Skills:
 + Level 4.5 Fighting
 + Level 4.3 Dodging
 + Level 4.6 Stealth
 + Level 4.3 Spellcasting
 + Level 8.9 Conjurations
 + Level 1.0 Translocations


You had 2 spell levels left.
You knew the following spells:

 Your Spells              Type           Power      Damage    Failure   Level
a - Magic Dart            Conj           100%       1d8       1%          1
b - Searing Ray           Conj           100%       2d8       1%          2
c - Dazzling Flash        Conj/Hex       76%        N/A       4%          3
d - Fulminant Prism       Conj/Hex       19%        3d11      16%         4
e - Iskenderun's Mystic   Conj/Tloc      41%        2d9       13%         4

Your spell library contained the following spells:

 Spells                   Type           Power      Damage    Failure   Level
 Slow                     Hex            28%        N/A       10%         1
 Summon Small Mammal      Summ           28%        N/A       10%         1
 Portal Projectile        Hex/Tloc       22%        N/A       24%         3
 Call Canine Familiar     Summ           7%         N/A       30%         3
 Confusing Touch          Hex            7%         N/A       30%         3
 Summon Guardian Golem    Hex/Summ       7%         N/A       30%         3
 Vampiric Draining        Necr           7%         2d6       30%         3
 Leda's Liquefaction      Hex/Erth       3%         N/A       69%         4


Dungeon Overview and Level Annotations

Branches:
Dungeon (7/15)
 Temple: D:4-7

Altars:
Gozag
Makhleb

Annotations:
D:7 Joseph


Innate Abilities, Weirdness & Mutations

You can breathe wild blasts of lightning.
Your glossy black scales are hard. (AC +7)
You cannot fit into any form of body armour.
You are resistant to electric shocks. (rElec)
You are cold-blooded and may be slowed by cold attacks.


Message History

The mystic blast hits the phantom!
You destroy the phantom!
You feel sick.
Something shouts, "Admit defeat, thou errant ditch-delivered dandiprat!"
Your Translocations skill increases to level 1!
You have reached level 9!
Your experience leads to an increase in your attributes!
Increase (S)trength, (I)ntelligence, or (D)exterity?
You feel clever. x2; Your scales feel tougher.
Aiming: Mindburst
Press: ? - help, Shift-Dir - straight line, f - Joseph
Aim: Joseph, wielding a +0 hunting sling, wearing a +0 leather armour and quivering sling bullets (lightly wounded, chance to affect: 47%) Joseph resists with some effort.
You feel sick.
Aiming: Mindburst
Press: ? - help, Shift-Dir - straight line, f/p - Joseph
Aim: Joseph, wielding a +0 hunting sling, wearing a +0 leather armour and quivering sling bullets (lightly wounded, chance to affect: 47%) Joseph's mind is blasted.
You feel sick.
Joseph shouts, "You will never get the ORB!"
Joseph shoots a sling bullet.
The sling bullet hits you.
* * * LOW HITPOINT WARNING * * *
You feel sick.
Joseph shoots a sling bullet.
The sling bullet closely misses you.
The kobold brigand throws a poisoned dart.
The poisoned dart hits you!
You are more poisoned.
You feel very sick.
Aiming: Mindburst
Press: ? - help, Shift-Dir - straight line, f/p - Joseph
Aim: Joseph, wielding a +0 hunting sling, wearing a +0 leather armour and quivering sling bullets (lightly wounded, chance to affect: 47%) Joseph resists with some effort.
You feel sick.
Joseph shoots a sling bullet.
The sling bullet hits you but does no damage.
It was a potion of brilliance.
You feel clever all of a sudden.
You feel sick.
You feel sick. The white imp closely misses you.
A red film seems to cover your vision as you go berserk!
You feel yourself moving faster!
You feel mighty!
You feel sick.
Joseph unwields a +0 hunting sling.
Joseph wields a +0 quarterstaff.
Joseph hits you with a +0 quarterstaff!
You die...

#.....##....#..#.
#...(.......#..#.
##...........#..##
#......##...##..##
#......##...##...
#............+
#########.....##....#
#......##5....##....#
#......@@...........#
#......K............#
#.....######..##...## .#
##....###.##..#######...
#.....)....#............
#....<.....#....<......#
#.....##.[##...$.......#
#.....# ..##............
##....# ................


You could see Joseph, a kobold brigand and a white imp.

Vanquished Creatures
  Sigmund (D:2)
  A water moccasin (D:6)
  Duvessa (D:5)
  An orc warrior (D:6)
  3 phantoms
  A kobold brigand (D:5)
  2 centaurs
  A gnoll sergeant (D:5)
  2 scorpions
  A wyvern skeleton (D:7)
  A water moccasin skeleton (D:4)
  Dowan (D:5)
  2 jellies (D:4)
  A centaur zombie (D:6)
  2 hounds (D:6)
  A centaur skeleton (D:4)
  An orc priest (D:3)
  4 iguanas (D:5)
  2 orc wizards
  Natasha (D:3)
  A hound skeleton (D:4)
  10 adders
  8 gnolls
  3 worms
  3 dart slugs
  15 orcs
  4 ball pythons
  10 bats
  5 endoplasms
  A giant cockroach (D:1)
  4 goblins
  3 hobgoblins
  15 jackals
  16 kobolds
  4 quokkas
  5 frilled lizards
  A quokka skeleton (D:4)
  3 rats
141 creatures vanquished.

Vanquished Creatures (others)
  A sky beast (D:5)
  5 fulminant prisms
  A fungus (D:1)
7 creatures vanquished.

Grand Total: 148 creatures vanquished

Notes
Turn   | Place    | Note
-------+----------+-------------------------------------------
     0 | D:1      | raph the Draconian Conjurer began the quest for the Orb.
     0 | D:1      | Reached XP level 1. HP: 14/14 MP: 3/3
   342 | D:1      | Reached XP level 2. HP: 20/20 MP: 1/5
   579 | D:1      | Learned a level 2 spell: Searing Ray
   804 | D:1      | Found a faded altar of an unknown god.
  1281 | D:2      | Reached skill level 5 in Conjurations
  1281 | D:2      | Reached XP level 3. HP: 23/26 MP: 3/6
  1435 | D:2      | Noticed Sigmund
  1471 | D:2      | Killed Sigmund
  1472 | D:2      | Reached skill level 7 in Conjurations
  1472 | D:2      | Reached XP level 4. HP: 29/33 MP: 0/7
  1472 | D:2      | Reached XP level 5. HP: 33/38 MP: 0/8
  2262 | D:2      | Reached XP level 6. HP: 45/45 MP: 5/9
  2266 | D:2      | Learned a level 3 spell: Dazzling Flash
  3661 | D:3      | You fall into a shaft and drop 3 floors!
  3664 | D:5      | Entered Level 5 of the Dungeon
  3664 | D:5      | Noticed Duvessa
  3664 | D:5      | Noticed Dowan
  3874 | D:6      | Noticed a water moccasin
  3886 | D:6      | Killed a water moccasin
  3887 | D:6      | Reached skill level 1 in Fighting
  3887 | D:6      | Your scales start taking on a glossy black colour.
  3887 | D:6      | Reached XP level 7. HP: 11/52 MP: 2/10
  3887 | D:6      | Gained mutation: You are resistant to electric shocks.
                  | (rElec) [Black Draconian growth]
  4285 | D:6      | Learned a level 4 spell: Fulminant Prism
  4815 | D:3      | Reached skill level 8 in Conjurations
  5470 | D:3      | Noticed Natasha
  5476 | D:3      | Killed Natasha
  5943 | D:4      | Found a burning altar of Makhleb.
  6270 | D:4      | Found an opulent altar of Gozag.
  7144 | D:5      | Reached XP level 8. HP: 51/63 MP: 4/13
  7817 | D:5      | Killed Duvessa
  7920 | D:5      | Killed Dowan
  9330 | D:6      | Learned a level 4 spell: Iskenderun's Mystic Blast
  9445 | D:7      | Noticed Joseph
 10374 | D:7      | Reached skill level 1 in Translocations
 10374 | D:7      | Reached XP level 9. HP: 26/72 MP: 2/15
 10381 | D:7      | Slain by Joseph

Illustrated notes

Levels and vault maps discovered:
D:1:      minmay_arrival_wavy_path, layout_loops_ring,
          dreamdust_ecumenical_altar_grove, minmay_misc_feat_roman
D:2:      layout_loops_ring, grunt_decor_one_mirror, kennysheep_generic_room_14,
          uniq_sigmund
D:3:      minmay_wonky_spiral, layout_basic, uniq_natasha
D:4:      layout_gridville, kennysheep_mini_moat, nicolae_gozag_seed_capital,
          kennysheep_big_empty_room
D:5:      layout_basic, uniq_duvessa
D:6:      layout_loops_ring, hangedman_decor_growths, minmay_misc_feat_rugged,
          chequers_serial_rivers_micro_b, ebering_dispersal_statue_hall
D:7:      layout_gridville, minmay_temple_entry_poolview, chequers_avenue,
          uniq_joseph, uniq_menkaure

Skill      XL: |  1  2  3  4  5  6  7  8 |
---------------+-------------------------+-----
Conjurations   | 5 7 8 |  8.9
Dodging        | 2 3 4 |  4.3
Stealth        | 2 3 4 |  4.6
Fighting       | 1 3 4 |  4.5
Spellcasting   | 3 4 |  4.3
Translocations | 1 |  1.0

Action                   |  1- 3 |  4- 6 |  7- 9 || total
-------------------------+-------+-------+-------++-------
Melee: Unarmed           |     3 |       |       ||     3
       Short sword       |     7 |       |       ||     7
       Rapier            |     1 |     4 |    46 ||    51
       Tailslap          |       |       |     6 ||     6
 Cast: Magic Dart        |    32 |    25 |    33 ||    90
       Searing Ray       |     7 |    26 |    53 ||    86
       Dazzling Flash    |       |     1 |       ||     1
       Fulminant Prism   |       |       |     5 ||     5
       Iskenderun's Myst |       |       |     2 ||     2
 Abil: Breathe Lightning |       |       |     1 ||     1
Evoke: Wand              |       |       |     3 ||     3
  Use: Scroll            |     2 |     1 |     5 ||     8
       Potion            |       |       |     5 ||     5
 Stab: Sleeping          |     1 |       |     3 ||     4
Armor: Skin              |    14 |    17 |    50 ||    81
Dodge: Dodged            |    25 |    30 |    80 ||   135
